Map: Orbital Shipyard

Players

Jade

  • Race: Protoss Protoss
  • League: Diamond

PAIN - Winner!

  • Race: Protoss Protoss
  • League: Diamond

Event: Lycan League Weekly September #1

VOD

Have the link to the VOD?

Description

Time

  • Played on: Sept. 21, 2015, 12:37 p.m.
  • Length: 11:40

All games in this series

Show
View Real Time Build Order
Export as new Build Order

Jade Protoss 

Build Orders: Phoenix Opening 

Get SALT Encoding   

  12  0:00  Probe (Chrono Boost)  
  13  0:10  Probe (Chrono Boost)  
  14  0:19  Pylon  
  14  0:21  Probe (Chrono Boost)  
  15  0:37  Probe (Chrono Boost)  
  15  0:39  Gateway  
  15  0:42  Assimilator  
  16  0:47  Probe (Chrono Boost)  
  17  0:57  Probe (Chrono Boost)  
  18  1:07  Probe (Chrono Boost)  
  19  1:17  Probe (Chrono Boost)  
  20  1:20  Pylon  
  20  1:26  Probe (Chrono Boost)  
  20  1:28  Cybernetics Core  
  23  1:34  Assimilator  
  23  1:38  Probe (Chrono Boost)  
  24  1:48  Probe (Chrono Boost)  
  25  1:58  Probe (Chrono Boost)  
  25  2:00  Nexus  
  24  2:03  Adept (Chrono Boost)  
  26  2:09  Warp Gate  
  28  2:16  Mothership Core  
  29  2:37  Probe  
  29  2:38  Stargate  
  29  2:40  Adept (Chrono Boost)  
  31  2:51  Pylon  
  31  3:08  Adept (Chrono Boost)  
  31  3:09  Probe  
  31  3:11  Probe  
  34  3:18  Stargate  
  35  3:21  Probe x2  
  37  3:27  Assimilator  
  37  3:30  Assimilator  
  37  3:32  Probe  
  37  3:33  Probe  
  38  3:39  Phoenix (Chrono Boost)  
  41  3:42  Probe  
  41  3:45  Probe, Pylon  
  43  3:52  Probe  
  44  3:57  Probe  
  44  3:59  Phoenix (Chrono Boost)  
  47  4:03  Probe  
  47  4:05  Phoenix (Chrono Boost)  
  50  4:12  Probe  
  50  4:15  Pylon  
  50  4:16  Probe  
  52  4:21  Phoenix (Chrono Boost)  
  54  4:28  Phoenix (Chrono Boost)  
  57  4:31  Probe  
  57  4:34  Probe  
  58  4:42  Robotics Facility  
  58  4:47  Phoenix (Chrono Boost)  
  59  4:55  Probe  
  59  4:58  Phoenix (Chrono Boost)  
  61  5:00  Probe  
  60  5:07  Probe  
  60  5:11  Phoenix (Chrono Boost)  
  60  5:12  Probe  
  63  5:19  Probe  
  63  5:20  Phoenix (Chrono Boost)  
  66  5:24  Probe, Protoss Air Weapons Level 1  
  67  5:31  Probe  
  67  5:33  Pylon  
  67  5:34  Observer  
  69  5:36  Probe  
  70  5:51  Pylon  
  70  5:54  Immortal (Chrono Boost)  
  74  6:05  Nexus  
  74  6:09  Probe x2  
  76  6:12  Gateway  
  76  6:18  Sentry  
  76  6:20  Forge  
  76  6:21  Probe  
  76  6:24  Probe  
  80  6:30  Immortal (Chrono Boost)  
  82  6:33  Probe  
  82  6:36  Probe  
  82  6:40  Void Ray  
  86  6:55  Pylon  
  86  6:57  Pylon  
  86  6:58  Protoss Ground Weapons Level 1  
  86  7:02  Pylon  
  86  7:05  Void Ray  
  86  7:24  Stalker  
  86  7:25  Stalker  
  86  7:26  Void Ray  
  86  7:27  Immortal (Chrono Boost)  
  98  7:31  Probe  
  98  7:35  Pylon  
  99  7:38  Probe  
  99  7:40  Probe  
  99  7:43  Void Ray  
  99  7:44  Gateway x2  
  103  8:04  Stalker x2  
  107  8:06  Immortal (Chrono Boost)  
  107  8:08  Probe x2  
  113  8:15  Photon Cannon  
  113  8:23  Void Ray  
  109  8:28  Void Ray  
  113  8:38  Observer (Chrono Boost)  
  113  8:39  Probe  
  113  8:43  Mothership Core  
  113  8:45  Assimilator  
  113  8:46  Assimilator  
  113  8:53  Gateway x2  
  113  8:56  Twilight Council, Gateway  
  113  9:01  Gateway, Pylon  
  113  9:03  Photon Cannon  
  113  9:13  Observer (Chrono Boost)  
  110  9:18  Probe x2  
  110  9:22  Adept  
  110  9:23  Adept x3  
  120  9:34  Probe  
  120  9:36  Immortal (Chrono Boost)  
  125  9:46  Photon Cannon  
  125  9:52  Stalker x2  
  129  10:00  Stalker  
  129  10:01  Stalker  
  132  10:09  Observer (Chrono Boost)  
  131  10:17  Photon Cannon  
  131  10:20  Probe  
  132  10:22  Stalker  
  132  10:23  Stalker  
  133  10:30  Photon Cannon  
  133  10:42  Pylon x2  
  133  11:02  Nexus  
  131  11:07  Probe x2  
Show
View Real Time Build Order
Export as new Build Order

PAIN Protoss - Winner!

Build Orders: 1 Gate Expand, Oracle Opening 

Get SALT Encoding   

  12  0:00  Probe (Chrono Boost)  
  13  0:10  Probe (Chrono Boost)  
  14  0:17  Pylon  
  14  0:20  Probe (Chrono Boost)  
  15  0:34  Probe (Chrono Boost)  
  16  0:42  Gateway  
  16  0:44  Probe (Chrono Boost)  
  17  0:54  Probe (Chrono Boost)  
  18  1:01  Assimilator  
  18  1:04  Probe (Chrono Boost)  
  18  1:05  Assimilator  
  19  1:14  Probe (Chrono Boost)  
  20  1:22  Pylon  
  20  1:25  Probe (Chrono Boost)  
  21  1:32  Nexus  
  21  1:39  Cybernetics Core  
  21  1:41  Probe (Chrono Boost)  
  21  1:45  Assimilator  
  22  1:52  Pylon  
  22  2:02  Probe (Chrono Boost)  
  23  2:12  Probe (Chrono Boost)  
  24  2:16  Adept  
  24  2:21  Mothership Core (Chrono Boost)  
  28  2:23  Warp Gate (Chrono Boost)  
  28  2:31  Pylon  
  28  2:39  Probe (Chrono Boost)  
  29  2:45  Probe (Chrono Boost)  
  29  2:51  Probe (Chrono Boost)  
  31  2:58  Gateway  
  31  2:59  Probe (Chrono Boost)  
  31  3:00  Stargate  
  31  3:02  Gateway  
  31  3:04  Probe (Chrono Boost)  
  33  3:09  Probe (Chrono Boost)  
  34  3:16  Probe (Chrono Boost)  
  37  3:20  Probe (Chrono Boost)  
  37  3:25  Probe (Chrono Boost)  
  39  3:30  Probe (Chrono Boost), Pylon  
  40  3:36  Twilight Council  
  40  3:37  Probe (Chrono Boost)  
  41  3:41  Oracle (Chrono Boost)  
  41  3:43  Probe (Chrono Boost)  
  43  3:49  Probe  
  43  3:50  Assimilator  
  43  3:51  Pylon  
  43  3:54  Probe  
  43  3:55  Assimilator  
  45  4:01  Probe  
  46  4:06  Blink (Chrono Boost)  
  46  4:07  Probe, Forge  
  47  4:11  Robotics Facility  
  47  4:13  Probe  
  48  4:20  Probe  
  49  4:25  Probe  
  49  4:30  Pylon  
  50  4:32  Probe (Chrono Boost)  
  52  4:38  Probe (Chrono Boost)  
  52  4:41  Photon Cannon  
  52  4:42  Photon Cannon  
  52  4:47  Stalker x2  
  56  4:59  Protoss Ground Weapons Level 1 (Chrono Boost)  
  56  5:06  Probe (Chrono Boost)  
  56  5:07  Stalker  
  56  5:09  Photon Cannon  
  56  5:11  Photon Cannon  
  56  5:15  Observer  
  56  5:18  Stalker x2  
  61  5:23  Gateway  
  61  5:27  Gateway x2  
  61  5:28  Probe  
  61  5:30  Stalker  
  64  5:37  Probe  
  64  5:38  Dark Shrine  
  64  5:42  Warp Prism (Chrono Boost)  
  65  5:50  Stalker x2  
  69  5:57  Stalker  
  71  6:06  Photon Cannon  
  71  6:16  Gateway  
  71  6:18  Gateway  
  69  6:28  Protoss Ground Weapons Level 2  
  66  6:33  Nexus  
  66  6:38  Stalker x4  
  66  6:39  Stalker  
  76  6:44  Pylon  
  76  7:04  Pylon  
  76  7:06  Stalker x2  
  80  7:13  Pylon  
  78  7:26  Probe x2  
  77  7:35  Stalker x4  
  77  7:36  Stalker x2  
  89  7:38  Probe x2  
  89  7:43  Dark Templar  
  93  7:46  Warp Prism (Chrono Boost)  
  93  7:48  Probe  
  93  7:51  Probe  
  97  7:53  Probe  
  96  8:05  Gateway  
  96  8:11  Photon Cannon  
  96  8:14  Pylon  
  96  8:15  Charge (Chrono Boost)  
  96  8:17  Templar Archives  
  73  8:38  Stalker x3  
  73  8:39  Stalker x3  
  81  8:46  Immortal (Chrono Boost)  
  81  8:51  Pylon x2  
  85  9:05  Dark Templar x2, Zealot  
  85  9:06  Zealot  
  93  9:12  Stalker x2  
  93  9:14  Stalker  
  99  9:20  Immortal  
  99  9:25  Probe x2  
  99  9:27  Assimilator  
  101  9:31  Assimilator  
  97  9:40  Probe  
  98  9:54  Zealot x6  
  98  9:55  Zealot  
  112  10:05  Psionic Storm  
  112  10:37  High Templar x3  
  118  10:44  High Templar  
  118  10:46  Stalker x2  
  124  10:50  Nexus  
  124  10:53  Pylon x2  
  124  11:02  Gateway  
  118  11:04  Gateway, Zealot  
  118  11:08  Pylon  
  118  11:10  Pylon x2  
  120  11:14  Zealot x4  
  120  11:15  Zealot x2  
  105  11:29  Zealot  
  93  11:34  Archon  
  93  11:37  Zealot x6  

Tags
 
Add a new tag
Caveats
  • Supply blocks, unpowered buildings, or Contaminate may cause inaccurate times.
  • Supply counts are checked every 10 seconds.